 Dungeon Crawl Stone Soup version 0.24-a0-584-g9d6b971 (webtiles) character file.

Game seed: 14761518339450169906, levelgen mode: deterministic

398 Firecrotchwizard the Slasher (level 6, 0/43 HPs)
             Began as an Octopode Fighter on Aug 31, 2019.
             Slain by a sky beast (6 damage)
             ... on level 5 of the Dungeon.
             The game lasted 00:09:31 (3742 turns).

Firecrotchwizard the Slasher (Octopode Fighter)     Turns: 3742, Time: 00:09:32

Health: 0/43       AC:  1    Str: 15    XL:     6   Next: 83%
Magic:  6/6        EV: 15    Int: 11    God:
Gold:   230        SH:  6    Dex: 13    Spells: 5/5 levels left

rFire    + . .     SeeInvis .   e - +3 short sword (venom)
rCold    . . .     Gourm    .   t - +2 buckler {rF+}
rNeg     + . .     Faith    .   (helmet restricted)
rPois    .         Spirit   .   r - amulet of the acrobat
rElec    .         Reflect  .   g - ring of positive energy {rN+}
rCorr    .         Harm     .   f - ring of attention (curse)
MR       .....                  (no ring)
Stlth    +++.......             (no ring)
HPRegen  0.14/turn              (no ring)
MPRegen  0.10/turn              (no ring)
                                (no ring)
                                (no ring)

@: no status effects
A: almost no armour, stealthy swim, amphibious, 8 rings, constrict 8, camouflage
1, gelatinous body 1
a: no special abilities


You were on level 5 of the Dungeon.
You were not hungry.

You visited 1 branch of the dungeon, and saw 5 of its levels.

You collected 260 gold pieces.
You spent 30 gold pieces at shops.

Inventory:

Hand Weapons
 a - a +0 long sword
 e - a +3 short sword of venom (weapon)
   (You took it off a kobold on level 2 of the Dungeon)
Missiles
 h - a throwing net {=f, !d}
 p - 4 poisoned darts
Armour
 b - a +0 shield
 t - a +2 buckler of fire resistance (worn)
   (You found it on level 4 of the Dungeon)
Jewellery
 f - a cursed ring of attention (right tentacle)
   (You found it on level 3 of the Dungeon)
 g - a ring of positive energy (left tentacle) {rN+}
   (You found it on level 2 of the Dungeon)
 r - an amulet of the acrobat (around mantle)
   (You found it on level 3 of the Dungeon)
Scrolls
 m - 2 scrolls of fear
 n - a scroll of enchant weapon {unknown}
 o - a scroll of immolation {unknown}
 s - 3 scrolls of identify
 u - a scroll of enchant armour {unknown}
Potions
 c - a potion of might
 i - a potion of flight {unknown}
 j - a potion of curing
 k - a potion of invisibility {unknown}
 l - a potion of lignification {unknown}
Comestibles
 d - 11 rations
 q - 2 chunks of flesh {@w0}


   Skills:
 + Level 4.2 Fighting
 * Level 4.6 Long Blades
 + Level 4.1 Dodging
 + Level 4.2 Stealth
 - Level 3.0 Shields


You had 5 spell levels left.
You didn't know any spells.
Your spell library was empty.

Dungeon Overview and Level Annotations

Branches:
Dungeon (5/15)
 Temple: D:4-7

Altars:
Trog

Shops:
D:4 !

Annotations:
D:4 exclusions: orc and orc priest


Innate Abilities, Weirdness & Mutations

You cannot wear most types of armour.
You are very stealthy in the water. (Stealth+)
You are amphibious.
You can wear up to eight rings at the same time.
You can use your tentacles to constrict eight enemies at once.
Your skin changes colour to match your surroundings (Stealth+).
Your rubbery body absorbs attacks. (AC +1, EV +1)


Message History

There is a stone staircase leading up here.
A leopard gecko comes into view.
Health restored: 43 You see here a scroll of identify.
You see here 6 gold pieces.
The leopard gecko hisses angrily.
You block the leopard gecko's attack.
You closely miss the leopard gecko. You grab the leopard gecko.
You squeeze the leopard gecko.
You kill the leopard gecko!
No target in view!
You now have enough gold to buy 2 potions of haste on this level.
You now have 203 gold pieces (gained 6).
s - 3 scrolls of identify (gained 1)
You now have 218 gold pieces (gained 15).
You see here 22 arrows.
An orc comes into view. It is wielding a +0 flail.
Here: an orc, wielding a +0 flail (resting)
The floor.
Partly explored, can't reach some places.
(D) Dungeon
Where to? (Enter - D:4, ? - help)
You see here 22 arrows.
There is an entrance to Zucha's Distillery here.
All of the chunks of flesh in your inventory have rotted away.
There is a stone staircase leading down here.
You climb downwards.
A ball python comes into view.
There is a stone staircase leading up here.
The helpless ball python fails to defend itself.
You impale the ball python!!
You kill the ball python!
You butcher the ball python corpse.
q - 2 chunks of flesh {@w0} You see here a ball python skeleton. x2
There is a stone staircase leading up here.
You now have 230 gold pieces (gained 12).
A worker ant comes into view.
The worker ant twitches its antennae in your direction.
A sky beast comes into view.
You closely miss the worker ant. You grab the worker ant.
You constrict the worker ant, but do no damage.
You block the worker ant's attack.
You hit the worker ant but do no damage.
The worker ant is poisoned.
You constrict the worker ant, but do no damage.
The worker ant bites you.
You are poisoned.
The worker ant poisons you!
You take 2 damage, and have 41/43 hp.
You hit the worker ant.
The worker ant looks even sicker.
You constrict the worker ant.
You feel sick. The worker ant bites you.
You take 4 damage, and have 37/43 hp.
You hit the worker ant.
You squeeze the worker ant, but do no damage.
You constrict the worker ant, but do no damage.
You feel sick.
You kill the worker ant!
The sky beast flickers out of sight!
Deactivating autopickup; reactivate with Ctrl-A.
You take 1 damage, and have 36/43 hp.
Something closely misses you.
You feel sick.
A sky beast appears from thin air!
Reactivating autopickup.
You take 1 damage, and have 36/43 hp.
You feel sick.
You take 1 damage, and have 35/43 hp.
You hit the sky beast.
You feel sick. The sky beast barely misses you.
You take 1 damage, and have 34/43 hp.
You closely miss the sky beast. The sky beast barely misses you.
You hit the sky beast.
You feel sick. The sky beast closely misses you.
You take 1 damage, and have 33/43 hp.
You miss the sky beast. The sky beast hits you. The sky beast shocks you.
You take 8 damage, and have 25/43 hp.
You barely miss the sky beast. The sky beast closely misses you.
You barely miss the sky beast.
You feel sick. The sky beast hits you. The sky beast shocks you.
You take 11 damage, and have 14/43 hp.
MASSIVE DAMAGE!!
You hit the sky beast. Your squeeze misses the sky beast.
The sky beast closely misses you.
You hit the sky beast. Your squeeze misses the sky beast.
The sky beast closely misses you.
You miss the sky beast.
You feel sick.
The sky beast flickers out of sight!
Deactivating autopickup; reactivate with Ctrl-A.
Something hits you.
* * * LOW HITPOINT WARNING * * *
Something shocks you.
* * * LOW HITPOINT WARNING * * *
You take 9 damage, and have 5/43 hp.
MASSIVE DAMAGE!!
You feel sick.
You take 1 damage, and have 5/43 hp.
A sky beast appears from thin air!
Reactivating autopickup.
There is a stone staircase leading up here.
You feel better. The sky beast hits you.
* * * LOW HITPOINT WARNING * * *
The sky beast shocks you.
You die...

#.###+########.#
#..............#
#..............#
#...........[..#
#..............#
#..............#
#..............#
#..÷.@Y§.......#
#.############......#
+. .......^. #
####.##### .# .# #


You could see a sky beast.

Vanquished Creatures
  A scorpion (D:4)
  A hound (D:4)
  An iguana (D:4)
  An orc wizard (D:4)
  4 worker ants
  3 gnolls (D:3)
  3 adders
  2 worms
  2 dart slugs
  6 leopard geckos
  8 orcs
  8 giant cockroaches
  5 goblins
  7 hobgoblins
  11 jackals
  3 quokkas
  4 ball pythons
  11 bats
  3 frilled lizards
  3 kobolds
  8 rats
95 creatures vanquished.

Notes
Turn   | Place    | Note
-------+----------+-------------------------------------------
     0 | D:1      | Firecrotchwizard the Octopode Fighter began the quest for
                  | the Orb.
     0 | D:1      | Reached XP level 1. HP: 16/16 MP: 1/1
   131 | D:1      | Reached XP level 2. HP: 16/21 MP: 2/2
   351 | D:1      | Reached skill level 1 in Stealth
   575 | D:1      | Reached XP level 3. HP: 21/26 MP: 3/3
   834 | D:2      | Found a bloodstained altar of Trog.
  1249 | D:2      | Reached skill level 2 in Stealth
  1478 | D:3      | Reached skill level 3 in Long Blades
  1478 | D:3      | Reached XP level 4. HP: 30/31 MP: 4/4
  2376 | D:3      | Reached skill level 3 in Stealth
  2376 | D:3      | Reached XP level 5. HP: 36/36 MP: 5/5
  2710 | D:4      | Reached skill level 4 in Long Blades
  2756 | D:4      | Reached XP level 6. HP: 43/43 MP: 6/6
  3013 | D:4      | Reached skill level 4 in Fighting
  3016 | D:4      | Reached skill level 4 in Dodging
  3093 | D:4      | Noticed a phantom
  3141 | D:4      | Found Zucha's Distillery.
  3146 | D:4      | Reached skill level 4 in Stealth
  3156 | D:4      | Bought a potion of curing for 30 gold pieces
  3703 | D:5      | Entered Level 5 of the Dungeon
  3718 | D:5      | Noticed a sky beast
  3736 | D:5      | HP: 10/43 [something (3)]
  3742 | D:5      | HP: 6/43 [sky beast (4)]
  3742 | D:5      | Slain by a sky beast

Levels and vault maps discovered:
D:1:      lightli_arrival_isolated_outpost, layout_loops_ring
D:2:      layout_rooms, bloody_trog
D:3:      layout_basic, first_ration, gup_sewer_entry_bowl,
          minmay_curled_crystal
D:4:      layout_loops_ring, serial_shops, shop
D:5:      layout_basic, regret_index_temple_of_mockery

Skill      XL: |  1  2  3  4  5  6 |
---------------+-------------------+-----
Stealth        | 1 2 3 4 |  4.2
Long Blades    | 3 4 |  4.6
Fighting       | 4 |  4.2
Dodging        | 4 |  4.1
Shields        | |  3.0

Action                   |  1- 3 |  4- 6 || total
-------------------------+-------+-------++-------
Melee: Long sword        |    62 |       ||    62
       Constrict         |    22 |    33 ||    55
       Tentacles         |    11 |    25 ||    36
       Short sword       |    23 |   119 ||   142
  Use: Scroll            |     4 |     2 ||     6
       Potion            |       |     1 ||     1
 Stab: Sleeping          |     9 |     5 ||    14
  Eat: Chunk             |     2 |     7 ||     9
Armor: Skin              |     7 |     6 ||    13
Dodge: Dodged            |    31 |    40 ||    71
Block: Shield            |    39 |    30 ||    69
       Buckler           |       |     4 ||     4
       Rpst.: Long sword |     8 |       ||     8

Table legend:
 A = Non-vault XP
 B = Vault XP
 C = Vault XP percentage of total XP
 D = Non-vault monster count
 E = Vault monster count
 F = Vault count percentage of total count
                 A         B        C        D         E       F
            +---------+---------+-------+---------+---------+-------
      Total |     562 |       7 |   1.2 |      92 |       3 |   3.2
            +---------+---------+-------+---------+---------+-------
        D:1 |      40 |       0 |   0.0 |      22 |       0 |   0.0
        D:2 |      38 |       0 |   0.0 |      16 |       0 |   0.0
        D:3 |     112 |       7 |   5.9 |      31 |       3 |   8.8
        D:4 |     338 |       0 |   0.0 |      21 |       0 |   0.0
        D:5 |      34 |       0 |   0.0 |       2 |       0 |   0.0
            +---------+---------+-------+---------+---------+-------

Levels and vault maps discovered:
D:1:      lightli_arrival_isolated_outpost, layout_loops_ring
D:2:      layout_rooms, bloody_trog
D:3:      layout_basic, first_ration, gup_sewer_entry_bowl,
          minmay_curled_crystal
D:4:      layout_loops_ring, serial_shops, shop
D:5:      layout_basic, regret_index_temple_of_mockery

Table legend:
 A = Turns spent in this place as a percentage of turns spent in the entire game.
 B = Non-inter-level travel turns spent in this place as a percentage of non-inter-level travel turns spent in the entire game.
 C = Inter-level travel turns spent in this place as a percentage of turns spent in this place.
 D = Turns resting spent in this place as a percentage of non-inter-level travel turns spent in this place.
 E = Turns spent auto-exploring this place as a percentage of non-inter-level travel turns spent in this place.
 F = Non-inter-level travel turns spent in this place divided by the number of levels of this place that you've seen.
                   A       B       C       D       E      F
               +-------+-------+-------+-------+-------+----------------------
         Total | 100.0 | 100.0 |   4.8 |  27.2 |  52.0 | 712.8
       Dungeon | 100.0 | 100.0 |   4.8 |  27.2 |  52.0 | 712.8
               +-------+-------+-------+-------+-------+----------------------

Table legend:
 A = Kills in this place as a percentage of kills in entire the game.
 B = Kills by you in this place as a percentage of kills by you in the entire game.
 C = Kills by friends in this place as a percentage of kills by friends in the entire game.
 D = Other kills in this place as a percentage of other kills in the entire game.
 E = Experience gained in this place as a percentage of experience gained in the entire game.
 F = Experience gained in this place divided by the number of levels of this place that you have seen.
                   A       B       C       D       E      F
               +-------+-------+-------+-------+-------+----------------------
         Total | 100.0 | 100.0 |   N/A |   N/A | 100.0 | 113.8
       Dungeon | 100.0 | 100.0 |   N/A |   N/A | 100.0 | 113.8
               +-------+-------+-------+-------+-------+----------------------
